 Dungeon Crawl Stone Soup version 0.23.2-33-g5129a83184 (webtiles) character file.

Game seed: 10113724065948991731

20 psyvane the Vexing (level 2, -1/27 HPs)
             Began as an Ogre Arcane Marksman on July 14, 2019.
             Shot with an arrow by a centaur (7 damage)
             ... on level 2 of the Dungeon.
             The game lasted 00:02:53 (2028 turns).

psyvane the Vexing (Ogre Arcane Marksman)           Turns: 2028, Time: 00:02:54

Health: -1/27      AC:  3    Str: 13    XL:     2   Next: 79%
Magic:  3/3        EV: 10    Int: 14    God:
Gold:   35         SH:  0    Dex:  9    Spells: 0/3 levels left

rFire    . . .     SeeInvis .   j - +1 dagger (venom)
rCold    . . .     Gourm    .   (no shield)
rNeg     . . .     Faith    .   a - +0 robe
rPois    .         Spirit   .   (helmet restricted)
rElec    .         Reflect  .   (no cloak)
rCorr    .         Harm     .   (gloves unavailable)
MR       .....                  (boots unavailable)
Stlth    +.........             (no amulet)
HPRegen  0.09/turn              (no ring)
MPRegen  0.08/turn              (no ring)

@: no status effects
A: large, unfitting armour, tough skin 1
a: no special abilities


You were on level 2 of the Dungeon.
You were not hungry.

You visited 1 branch of the dungeon, and saw 2 of its levels.

You collected 35 gold pieces.

Inventory:

Hand Weapons
 j - a +1 dagger of venom (weapon)
Missiles
 c - 4 large rocks (quivered)
 d - 2 throwing nets
Armour
 a - a +0 robe (worn)
Scrolls
 e - a scroll of teleportation {unknown}
 f - a scroll of remove curse {unknown}
 h - a scroll of enchant weapon {unknown}
 k - a scroll of identify {unknown}
Potions
 b - a potion of heal wounds {unknown}
 g - a potion of degeneration {unknown}
 i - a potion of haste {unknown}
 l - a potion of agility {unknown}
 m - a potion of might {unknown}


   Skills:
 - Level 1.3 Fighting
 - Level 2.0 Throwing
 - Level 1.7 Dodging
 - Level 1.2 Spellcasting
 * Level 3.6 Hexes


You couldn't memorise any spells.
You knew the following spells:

 Your Spells              Type           Power        Failure   Level  Hunger
a - Corona                Hex            ##.....      6%          1    ##.....
b - Slow                  Hex            ##......     9%          2    ###....

Your spell library contained the following spells:

 Spells                   Type           Power        Failure   Level  Hunger
 Inner Flame              Hex/Fire       #.......     36%         3    ####...
 Portal Projectile        Hex/Tloc       #.....       36%         3    ####...
 Cause Fear               Hex            ##........   50%         4    #####..
 Leda's Liquefaction      Hex/Erth       #.........   77%         4    #####..


Dungeon Overview and Level Annotations

Branches:
Dungeon (2/15)

Altars:


Innate Abilities, Weirdness & Mutations

You are too large for most types of armour.
You have tough skin. (AC +1)


Message History

You butcher the giant cockroach corpse.
n - a chunk of flesh You start resting.
Magic restored.
You start resting.
You start resting.
All of the chunks of flesh in your inventory have rotted away.
HP restored.
There is a stone staircase leading down here.
You climb downwards.
The centaur shoots an arrow.
The arrow hits you.
A goblin comes into view. It is wielding a +0 club.
The centaur shoots an arrow.
The arrow hits you!
Ouch! That really hurt!
* * * LOW HITPOINT WARNING * * *
There is a stone staircase leading up, spattered with blood here.
You see here 3 arrows.
The goblin shouts!
The hobgoblin hits you but does no damage.
The centaur shoots an arrow.
The arrow hits you!
You die...

..... ..
#...#...
#g..#..#####
###c[.#..#...
#...(.#....###
#..(###.......
#..........#
#..g.......#
#...@......#
###...........
#......#.###
####+#...#
...# .....
..... #....


You could see a centaur, a hobgoblin and a goblin.

Vanquished Creatures
  A dart slug (D:1)
  A leopard gecko (D:1)
  4 bats (D:1)
  2 giant cockroaches (D:1)
  2 goblins (D:1)
  2 hobgoblins (D:1)
  2 frilled lizards
  2 kobolds (D:1)
  A rat (D:1)
17 creatures vanquished.

Notes
Turn   | Place    | Note
-------+----------+-------------------------------------------
     0 | D:1      | psyvane the Ogre Arcane Marksman began the quest for the
                  | Orb.
     0 | D:1      | Reached XP level 1. HP: 19/19 MP: 2/2
   162 | D:1      | Reached skill level 3 in Hexes
   439 | D:1      | Reached XP level 2. HP: 20/27 MP: 0/3
   445 | D:1      | Learned a level 2 spell: Slow
  1740 | D:2      | Noticed a centaur
  2028 | D:2      | Shot with an arrow by a centaur

Skill      XL: |  1 |
---------------+----+-----
Hexes          | 3 |  3.6
Fighting       | |  1.3
Throwing       | |  2.0
Dodging        | |  1.7
Spellcasting   | |  1.2

Action                   || total
-------------------------++-------
Melee: Unarmed           ||   122
       Dagger            ||    14
 Cast: Corona            ||    23
       Slow              ||     1
  Eat: Ration            ||     1
       Chunk             ||     1
Armor: Robe              ||    82
Dodge: Dodged            ||   108
